 Dungeon Crawl Stone Soup version 0.31-a0-426-g3a05650e59 (webtiles) character file.

Game seed: 3865495844495976297

44 randomguy2701 the Covered (level 3, 0/33 HPs)
             Began as a Minotaur Fighter on July 30, 2023.
             Shot with an arrow by a centaur (6 damage)
             ... on level 3 of the Dungeon.
             The game lasted 00:01:26 (1410 turns).

randomguy2701 the Covered (Minotaur Fighter)        Turns: 1410, Time: 00:01:27

Health: 0/33       AC: 11    Str: 20    XL:     3   Next: 41%
Magic:  2/2        EV:  5    Int:  5    God:
Gold:   103        SH:  4    Dex: 11    Spells: 2/2 levels left

rFire   . . .        a - +0 war axe
rCold   . . .        c - +0 buckler
rNeg    . . .        i - +0 plate armour
rPois   .            (helmet restricted)
rElec   .            (no cloak)
rCorr   .            (no gloves)
SInv    .            (no boots)
Will    .....        (no amulet) Stlth
                     (no ring)
HPRegen 0.25/turn    (no ring)
MPRegen 0.08/turn

%: no passive effects
@: no status effects
A: horns 2, retaliatory headbutt
a: no special abilities


You were on level 3 of the Dungeon.
You visited 1 branch of the dungeon, and saw 3 of its levels.

You collected 103 gold pieces.

Inventory:

Hand Weapons
 a - a +0 war axe (weapon)
Armour
 c - a +0 buckler (worn)
 i - a +0 plate armour (worn)
Jewellery
 o - a ring of poison resistance
Scrolls
 f - 3 scrolls of identify {unknown}
 g - a scroll of teleportation {unknown}
 j - a scroll of enchant armour {unknown}
 k - a scroll of brand weapon {unknown}
 m - a scroll of torment {unknown}
 n - a scroll of revelation {unknown}
Potions
 b - a potion of magic {unknown}
 d - a potion of might
 e - 2 potions of haste {unknown}
 h - 3 potions of degeneration {unknown}
 l - a potion of mutation {unknown}


   Skills:
 + Level 4.1 Fighting
 + Level 3.1 Axes
 + Level 4.3 Armour
 + Level 4.0 Shields


You had 2 spell levels left.
You didn't know any spells.
Your spell library was empty.

Dungeon Overview and Level Annotations

Branches:
Dungeon (3/15)

Altars:

Shops:
D:1 [


Innate Abilities, Weirdness & Mutations

You have a pair of horns on your head.
You reflexively headbutt those who attack you in melee.


Message History

Found a coppery potion and 2 stones.
There is a stone staircase leading up here.
e - 2 coppery potions (gained 1)
A ball python comes into view.
The ball python hisses angrily.
A ball python is nearby!
The ball python bites you but does no damage.
You block the ball python's attack.
You barely miss the ball python.
The ball python bites you but does no damage.
The ball python barely misses you.
You slash the ball python!
You kill the ball python!
No target in view!
No target in view!
Found a faded altar of an unknown god.
o - a ring of poison resistance You now have 92 gold pieces (gained 9).
You now have 103 gold pieces (gained 11).
Found a scale mail.
You see here a +0 scale mail.
A centaur comes into view.
The centaur shouts!
The centaur wields a +0 shortbow.
The centaur shoots an arrow.
The arrow hits you!
The centaur shoots an arrow.
The arrow hits you but does no damage.
The centaur shoots an arrow.
The arrow hits you!
You are too injured to fight recklessly!
A centaur is nearby!
You are too injured to fight recklessly!
The centaur shoots an arrow.
You block the arrow.
You see here a +0 scale mail.
The centaur shoots an arrow.
You block the arrow.
The centaur shoots an arrow.
The arrow hits you.
The centaur shoots an arrow.
The arrow hits you!
* * * LOW HITPOINT WARNING * * *
The centaur shoots an arrow.
The arrow hits you.
* * * LOW HITPOINT WARNING * * *
The centaur shoots an arrow.
The arrow hits you.
You die...

......PP♣.P♣...#
#.............#
#...........##
#.............
#####....^........
#......#..........
#.####.#......####
#.#..#.#......#
#@#....#......#
#.#.###########
#.#.# #.#.# #.#.#
#.#.# #.#.#
.######c#.#
........#.#


You could see a centaur.

Vanquished Creatures
  An adder (D:2)
  A dart slug (D:2)
  2 endoplasms
  2 giant cockroaches
  A goblin (D:1)
  6 hobgoblins
  2 quokkas (D:2)
  5 ball pythons
  4 bats
  2 frilled lizards
  3 kobolds
  4 rats
33 creatures vanquished.

Notes
Turn   | Place    | Note
-------+----------+-------------------------------------------
     0 | D:1      | randomguy2701 the Minotaur Fighter began the quest for the
                  | Orb.
     0 | D:1      | Reached XP level 1. HP: 19/19 MP: 0/0
   354 | D:1      | Reached XP level 2. HP: 27/27 MP: 1/1
   410 | D:1      | Found Xiusol's Antique Armour Shoppe.
   788 | D:2      | Reached XP level 3. HP: 33/33 MP: 2/2
  1187 | D:2      | Identified the +1 robe "Ysycawya" {Str+5 Int+3}
  1361 | D:3      | Found a faded altar of an unknown god.
  1395 | D:3      | Noticed a centaur
  1410 | D:3      | Shot with an arrow by a centaur

Illustrated notes

Levels and vault maps discovered:
D:1:      grunt_arrival_crossed_arrows, layout_loops_ring, serial_shops, shop
D:2:      layout_basic
D:3:      layout_basic, dreamdust_ecumenical_altar_grove, uniq_grinder

Skill      XL: |  1  2  3 |
---------------+----------+-----
Armour         | 4 |  4.3
Fighting       | 4 |  4.1
Shields        | 4 |  4.0
Axes           | 3 |  3.1

Action                     || total
---------------------------++-------
  Melee: War axe           ||    67
         Headbutt          ||    11
 Armour: Scale mail        ||    11
         Plate armour      ||    33
  Dodge: Dodged            ||    20
  Block: Buckler           ||    25

Table legend: (Time is in decaauts)
 A = Elapsed time spent in this place.
 B = Non-inter-level travel time spent in this place.
 C = Inter-level travel time spent in this place.
 D = Time resting spent in this place.
 E = Time spent auto-exploring this place.
 F = Levels seen in this place.
 G = Mean time per level.
                   A        B        C        D        E       F      G
               +--------+--------+--------+--------+--------+-----+--------+
         Total |   1436 |   1374 |     62 |      0 |   1134 |   3 |  478.7 |
       Dungeon |   1436 |   1374 |     62 |      0 |   1134 |   3 |  478.7 |
               +--------+--------+--------+--------+--------+-----+--------+

Top non-repeatable levels by time:
     D:2: 719 daAuts
     D:1: 649 daAuts
     D:3: 67 daAuts
